 Dungeon Crawl Stone Soup version 0.24.0-123-gd5b16e6ec5 (webtiles) character file.

Game seed: 5556998816751488642, levelgen mode: deterministic

177 Norian the Conjurer (level 5, -1/28 HPs)
             Began as a Deep Elf Conjurer on Dec 18, 2019.
             Slain by a hound (6 damage)
             ... on level 3 of the Dungeon.
             The game lasted 00:11:26 (2749 turns).

Norian the Conjurer (Deep Elf Conjurer)             Turns: 2749, Time: 00:11:26

Health: -1/28      AC:  2    Str:  6    XL:     5   Next: 31%
Magic:  14/14      EV: 13    Int: 20    God:
Gold:   108        SH:  0    Dex: 15    Spells: 2/13 levels left

rFire    . . .     SeeInvis .   i - +0 short sword
rCold    . . .     Gourm    .   (no shield)
rNeg     . . .     Faith    .   a - +0 robe
rPois    .         Spirit   .   (no helmet)
rElec    .         Reflect  .   (no cloak)
rCorr    .         Harm     .   (no gloves)
MR       .....                  (no boots)
Stlth    ++........             (no amulet)
HPRegen  0.09/turn              (no ring)
MPRegen  0.14/turn              (no ring)

@: no status effects
A: no striking features
a: no special abilities


You were on level 3 of the Dungeon.
You were not hungry.

You visited 1 branch of the dungeon, and saw 4 of its levels.

You collected 108 gold pieces.

Inventory:

Hand Weapons
 i - a +0 short sword (weapon)
Armour
 a - a +0 robe (worn)
Jewellery
 k - a cursed ring of wizardry {unknown}
 r - a cursed -2 ring of protection {unknown}
Scrolls
 f - 2 scrolls of enchant weapon {unknown}
 l - 2 scrolls of identify {unknown}
 o - a scroll of magic mapping {unknown}
 p - a scroll of teleportation {unknown}
 q - 2 scrolls of remove curse {unknown}
 s - a scroll of blinking {unknown}
Potions
 b - 2 potions of might {unknown}
 d - a potion of brilliance {unknown}
 e - 2 potions of flight {unknown}
 g - 3 potions of curing {unknown}
 h - 3 potions of heal wounds {unknown}
 j - a potion of magic {unknown}
 m - 3 potions of degeneration {unknown}
 n - a potion of lignification {unknown}
Comestibles
 c - 10 rations


   Skills:
 + Level 0.7 Fighting
 - Level 0.1 Short Blades
 - Level 2.4 Dodging
 - Level 2.4 Stealth
 + Level 0.4 Unarmed Combat
 + Level 4.7 Spellcasting
 + Level 6.3 Conjurations


You had 2 spell levels left.
You knew the following spells:

 Your Spells              Type           Power        Failure   Level  Hunger
a - Magic Dart            Conj           ####         1%          1    None
b - Searing Ray           Conj           ####..       1%          2    #......
c - Iskenderun's Mystic   Conj           ####....     9%          4    ####...
d - Fulminant Prism       Conj/Hex       ###.......   32%         4    ####...

Your spell library contained the following spells:

 Spells                   Type           Power        Failure   Level  Hunger
 Animate Skeleton         Necr           N/A          12%         1    None
 Apportation              Tloc           #.....       12%         1    None
 Confusing Touch          Hex            #.....       12%         1    None
 Summon Small Mammal      Summ           #...         12%         1    None
 Dazzling Spray           Conj/Hex       ###...       10%         3    ##.....
 Force Lance              Conj/Tloc      ###.....     32%         4    ####...


Dungeon Overview and Level Annotations

Branches:
Dungeon (4/15)
 Temple: D:4-7

Altars:


Message History

The orc hits you with a cursed +0 dagger.
* * * LOW HITPOINT WARNING * * *
You climb upwards.
There is a stone staircase leading down here.
Unknown command.
The orc misses you. The hound closely misses you.
The orc hits you with a cursed +0 dagger.
* * * LOW HITPOINT WARNING * * *
The hound barely misses you. x2
The hound bites you.
* * * LOW HITPOINT WARNING * * *
The hound barely misses you. The orc barely misses you.
The hound pauses to sniff the ground.
The hound bites you but does no damage. The hound barely misses you.
The hound misses you. The hound bites you.
* * * LOW HITPOINT WARNING * * *
The hound bites you.
You die...

#.#######......##....##....
#.............#.##..##.#...
#.#######....#.#.####.#.#..
#....# #....##.#....#.##..
######.####...#.##......##.#.
#........>...#.#..........#.#
#............##............##
#...........#................
#...........@ho..............
#..........+...o.............
#..........#######.....#####.
############ #.....# ##
####.....# #.....# #
#........# #.....######
#........#########.##..##..##
#..................#........#
#...........####.............


You could see a hound and 2 orcs.

Vanquished Creatures
  Jessica (D:2)
  6 adders
  5 worms
  2 dart slugs
  4 leopard geckos
  2 orcs (D:3)
  A ball python (D:1)
  9 bats
  2 giant cockroaches
  9 goblins
  6 hobgoblins
  6 jackals
  5 frilled lizards
  7 kobolds
  8 rats
73 creatures vanquished.

Notes
Turn   | Place    | Note
-------+----------+-------------------------------------------
     0 | D:1      | Norian the Deep Elf Conjurer began the quest for the Orb.
     0 | D:1      | Reached XP level 1. HP: 10/10 MP: 6/6
   122 | D:1      | Reached XP level 2. HP: 15/15 MP: 2/8
   153 | D:1      | Reached skill level 5 in Conjurations
   407 | D:1      | Reached XP level 3. HP: 10/19 MP: 3/9
  1097 | D:2      | Learned a level 2 spell: Searing Ray
  1155 | D:2      | Noticed Jessica
  1159 | D:2      | Killed Jessica
  1159 | D:2      | Reached XP level 4. HP: 22/24 MP: 6/11
  1515 | D:2      | Reached skill level 6 in Conjurations
  2231 | D:3      | Reached XP level 5. HP: 28/28 MP: 9/13
  2689 | D:3      | Learned a level 4 spell: Iskenderun's Mystic Blast
  2694 | D:3      | Learned a level 4 spell: Fulminant Prism
  2749 | D:3      | Slain by a hound

Levels and vault maps discovered:
D:1:      dpeg_arrival_signposts, layout_rooms
D:2:      layout_basic, uniq_jessica
D:3:      layout_basic, first_ration, st_stairs_5,
          minmay_misc_feat_secret_circle
D:4:      layout_cave_pools, kennysheep_mini, ashenzari_conservatory_becter

Skill      XL: |  1  2  3  4 |
---------------+-------------+-----
Conjurations   | 5 6 |  6.3
Spellcasting   | 4 |  4.7
Fighting       | |  0.7
Short Blades   | |  0.1
Dodging        | |  2.4
Stealth        | |  2.4
Unarmed Combat | |  0.4

Action                   |  1- 3 |  4- 6 || total
-------------------------+-------+-------++-------
Melee: Unarmed           |    20 |       ||    20
       Short sword       |       |    14 ||    14
 Cast: Magic Dart        |    84 |    98 ||   182
       Searing Ray       |       |     1 ||     1
 Stab: Sleeping          |       |     1 ||     1
  Eat: Chunk             |     1 |     4 ||     5
Armor: Robe              |     5 |     5 ||    10
Dodge: Dodged            |    35 |    22 ||    57
